 Dungeon Crawl Stone Soup version 0.18-a0-1195-g77a4f03 (webtiles) character file.

599 Silkki the Skirmisher (level 7, -5/47 HPs)
             Began as a Gargoyle Fighter on Jan 29, 2016.
             Was an Initiate of Ashenzari.
             Slain by an orc warrior
             ... wielding a +0 dire flail
              (14 damage)
             ... on level 5 of the Dungeon.
             The game lasted 00:08:55 (3640 turns).

Silkki the Skirmisher (Gargoyle Fighter)            Turns: 3640, Time: 00:08:56

Health: -5/47      AC: 13    Str: 20    XL:     7   Next: 41%
Magic:  7/7        EV:  0    Int: 10    God:    Ashenzari [......]
Gold:   170        SH:  9    Dex:  9    Spells: 0 memorised, 6 levels left

rFire  . . .     SeeInvis .     a - +0 flail
rCold  . . .     Gourm    .     d - +0 chain mail
rNeg   + . .     Faith    .     c - +0 shield
rPois  ∞         Spirit   .     (no helmet)
rElec  +         Dismiss  .     (no cloak)
rCorr  .         Reflect  .     (no gloves)
SustAt .         Harm     .     (no boots)
MR     .....                    (no amulet)
Stlth  ..........               (no ring)
                                (no ring)

@: not resistant to hostile enchantments, extremely unstealthy
A: negative energy resistance 1, electricity resistance, unbreathing,
petrification resistance, rot immunity, AC +4
a: Renounce Religion


You were on level 5 of the Dungeon.
You worshipped Ashenzari.
Ashenzari was noncommittal.
You were near starving.

You visited 1 branch of the dungeon, and saw 5 of its levels.

You collected 170 gold pieces.

Inventory:

Hand Weapons
 a - a +0 flail (weapon)
 q - a +0 whip
 r - a +0 whip
Armour
 b - a +0 scale mail
 c - a +0 shield (worn)
 d - a +0 chain mail (worn)
Jewellery
 k - a +6 ring of strength
Scrolls
 i - a scroll of enchant weapon {unknown}
 j - 3 scrolls of identify {unknown}
 l - 2 scrolls of amnesia {unknown}
 o - 4 scrolls of teleportation {unknown}
 p - a scroll of immolation {unknown}
 s - 2 scrolls of magic mapping {unknown}
 v - a scroll of enchant armour {unknown}
Potions
 e - a potion of lignification {unknown}
 m - a potion of poison
 n - 2 potions of brilliance {unknown}
 t - a potion of curing {unknown}
Comestibles
 f - 2 bread rations
 g - a royal jelly
 h - 4 meat rations
 u - a slice of pizza


   Skills:
 * Level 6.8 Fighting
 * Level 5.7 Maces & Flails
 - Level 3.2 Armour
 - Level 3.2 Shields


You had 6 spell levels left.
You didn't know any spells.

Dungeon Overview and Level Annotations

Branches:
Dungeon (5/15)
 Temple: D:4-7

Altars:
Ashenzari
Makhleb
Ru


Innate Abilities, Weirdness & Mutations

You are resistant to torment.
Your stone body is resilient (AC +4).
You are immune to poison.
You resist negative energy.
You are resistant to electric shocks.
You can survive without breathing.
You are immune to petrification.
You are immune to rotting.


Message History

You barely miss the orc warrior.
The orc warrior is lightly wounded.
The orc warrior hits you but does no damage.
The orc hits you but does no damage.
You closely miss the orc warrior.
The orc warrior is lightly wounded.
The orc warrior hits you with a dire flail!
* * * LOW HITPOINT WARNING * * *
The orc barely misses you.
You are too injured to fight recklessly!
You are too injured to fight recklessly!
You are too injured to fight recklessly!
You are too injured to fight recklessly!
You are too injured to fight recklessly!
You are too injured to fight recklessly!
You are too injured to fight recklessly!
You see here a scroll labeled JAGEATETAYLL.
There is a stone staircase leading up here.
The orc warrior hits you with a dire flail!
You die...

#..#### #. .....#..
..##.#.# #.##.#.##
#)....... # #.##.#.#
# #...##?##.#.# .##
#.........#.#...##
..........oo@.....#
##...........#....[#
##..)..##.### .###.
#.######.# # #. #.#
# #.# #.# #.#


You could see an orc warrior and an orc.

Vanquished Creatures
  Duvessa (D:4)
  Dowan (D:4)
  A scorpion (D:4)
  The ghost of Trivium the Skirmisher, a weakling DsFi (D:3)
  3 worker ants
  Ijyb (D:2)
  Natasha (thrice) (D:4)
  A hound zombie (D:4)
  Robin (D:4)
  3 gnolls (D:3)
  5 adders
  An ooze (D:2)
  5 worms
  4 giant geckos
  2 orcs
  10 bats
  A giant cockroach (D:2)
  6 goblins
  8 hobgoblins
  A giant gecko skeleton (D:4)
  3 giant newts
  6 kobolds
  8 rats
76 creatures vanquished.

Notes
Turn   | Place    | Note
--------------------------------------------------------------
     0 | D:1      | Silkki the Gargoyle Fighter began the quest for the Orb.
     0 | D:1      | Reached XP level 1. HP: 14/14 MP: 1/1
   310 | D:1      | Reached XP level 2. HP: 19/19 MP: 2/2
   559 | D:2      | Noticed Ijyb
   584 | D:2      | Killed Ijyb
   584 | D:2      | Reached skill level 4 in Fighting
   584 | D:2      | Reached XP level 3. HP: 22/24 MP: 3/3
   622 | D:2      | Found a shattered altar of Ashenzari.
   644 | D:2      | Became a worshipper of Ashenzari the Shackled
   723 | D:2      | Reached XP level 4. HP: 28/30 MP: 4/4
  1157 | D:2      | Found a burning altar of Makhleb.
  1159 | D:2      | Found a sacrificial altar of Ru.
  1184 | D:3      | Noticed Trivium's ghost (weakling DsFi)
  1442 | D:3      | Killed Trivium's ghost
  1442 | D:3      | Reached skill level 5 in Fighting
  1442 | D:3      | Reached XP level 5. HP: 16/35 MP: 5/5
  2144 | D:4      | Noticed Natasha
  2156 | D:4      | Killed Natasha
  2156 | D:4      | Reached XP level 6. HP: 25/40 MP: 6/6
  2359 | D:4      | Noticed Natasha
  2376 | D:4      | Killed Natasha
  2380 | D:4      | Found a sacrificial altar of Ru.
  2668 | D:4      | Noticed Natasha
  2671 | D:4      | Reached skill level 6 in Fighting
  2681 | D:4      | Killed Natasha
  2681 | D:4      | Reached skill level 5 in Maces & Flails
  2703 | D:4      | Noticed Dowan
  2704 | D:4      | Noticed Duvessa
  2833 | D:4      | Noticed Robin
  2844 | D:4      | Killed Robin
  3089 | D:4      | Killed Duvessa
  3089 | D:4      | Reached XP level 7. HP: 5/47 MP: 7/7
  3503 | D:4      | Killed Dowan
  3613 | D:5      | Entered Level 5 of the Dungeon
  3640 | D:5      | Slain by an orc warrior

Vault maps used:
D:1:      minmay_arrival_four_circles
D:2:      nicolae_overflow_hidden_temple, st_stairs_1, ashenzari_altar_1,
          uniq_iyjb
D:3:      roderic_aztec_sauvastika
D:4:      first_bread, nicolae_ru_awakened_eye, uniq_robin, uniq_duvessa,
          uniq_natasha
D:5:      lemuel_round_altar, serial_shops, shop_statue, serial_park_tiny_2

Action                   |  1- 3 |  4- 6 |  7- 9 || total
-------------------------+-------+-------+-------++-------
Melee: Flail             |   100 |   274 |    21 ||   395
  Use: Potion            |       |     4 |       ||     4
  Eat: Chunk             |       |     8 |       ||     8
